 Dungeon Crawl Stone Soup version 0.30-a0-728-gc68057be0a (webtiles) character file.

Game seed: 1764227992913396282

38 jimonade the Sneak (level 3, -1/18 HPs)
             Began as a Vine Stalker Brigand on Jan 30, 2023.
             Slain by Terence
             ... wielding a +0 morningstar
              (2 damage)
             ... on level 2 of the Dungeon.
             The game lasted 00:01:49 (952 turns).

jimonade the Sneak (Vine Stalker Brigand)            Turns: 952, Time: 00:01:50

Health: -1/18      AC:  9    Str: 13    XL:     3   Next: 43%
Magic:  0/4        EV: 10    Int: 11    God:
Gold:   72         SH:  0    Dex: 17    Spells: 2/2 levels left

rFire   . . .      SeeInvis .    b - +0 dagger (venom)
rCold   . . .      Faith    .    (no shield)
rNeg    . . .      Spirit   +    m - +0 chain mail
rPois   .          Reflect  .    (no helmet)
rElec   .          Harm     .    c - +0 cloak
rCorr   .          Rampage  .    (no gloves)
Will    .....                    (no boots) Stlth
                                 (no amulet)
HPRegen 0.23/turn                j - +5 ring of evasion
MPRegen 0.09/turn                (no ring)

@: no status effects
A: fangs 2, magic shield, antimagic bite, no potion heal 2
a: no special abilities


You were on level 2 of the Dungeon.
You visited 1 branch of the dungeon, and saw 2 of its levels.

You collected 72 gold pieces.

Inventory:

Hand Weapons
 a - a +2 dagger
 b - a +0 dagger of venom (weapon)
Missiles
 d - 9 poisoned darts (quivered)
 e - 3 curare-tipped darts
 n - 13 stones
Armour
 c - a +0 cloak (worn)
 f - a +0 robe
 m - a +0 chain mail (worn)
Jewellery
 j - a +5 ring of evasion (left hand)
Scrolls
 h - 2 scrolls of noise {unknown}
 i - a scroll of teleportation {unknown}
 k - a scroll of blinking {unknown}
 l - 2 scrolls of identify {unknown}
Potions
 g - 2 potions of degeneration {unknown}
 p - a potion of curing {unknown}


   Skills:
 + Level 1.9 Fighting
 * Level 2.5 Short Blades
 + Level 1.7 Throwing
 + Level 0.9 Dodging
 + Level 5.6 Stealth


You had 2 spell levels left.
You didn't know any spells.
Your spell library contained the following spells:

 Spells                   Type           Power      Damage    Failure   Level
 Freeze                   Ice            0%         1d3       100%        1
 Sublimation of Blood     Necr           0%         N/A       100%        2
 Frozen Ramparts          Ice            0%         1d1       100%        3
 Hailstorm                Conj/Ice       0%         3d3       100%        3
 Petrify                  Tmut/Erth      0%         N/A       100%        4
 Irradiate                Conj/Tmut      0%         3d11      100%        5


Dungeon Overview and Level Annotations

Branches:
Dungeon (2/15)

Altars:

Annotations:
D:2 Terence


Innate Abilities, Weirdness & Mutations

You have extremely sharp teeth.
When hurt, damage is shared between your health and your magic reserves.
Your bite disrupts and absorbs the magic of your enemies.
Potions cannot restore your health.


Message History

You barely miss the adder.
The adder is almost dead.
You kill the adder!
No target in view!
You now have 72 gold pieces (gained 13).
Found a stone staircase leading down and a stone staircase leading up.
Found an escape hatch in the floor.
Terence the Incautious comes into view.
He is wielding a +0 morningstar.
Found a spear.
Terence shouts!
Terence is nearby!
There is a stone staircase leading up here.
Terence hits you with a +0 morningstar!
You hit Terence.
Terence is poisoned.
Your bite misses Terence.
Terence is moderately wounded.
Terence closely misses you.
You hit Terence but do no damage. You bite Terence, but do no damage.
Terence is moderately wounded.
Terence hits you with a +0 morningstar!
* * * LOW HITPOINT WARNING * * *
You are too injured to fight recklessly!
You are too injured to fight recklessly!
You are too injured to fight recklessly!
You hit Terence but do no damage. Your bite misses Terence.
Terence is moderately wounded.
Terence misses you.
You hit Terence.
Terence is heavily wounded.
Terence misses you.
You hit Terence but do no damage. You bite Terence, but do no damage.
Terence is severely wounded.
Terence shouts, "Get ready for death!"
Terence hits you with a +0 morningstar.
* * * LOW HITPOINT WARNING * * *
You hit Terence but do no damage.
Terence looks as sick as possible!
Terence is severely wounded.
You barely miss Terence. You bite Terence, but do no damage.
Terence is severely wounded.
Terence hits you with a +0 morningstar.
You die...

#.# #.###.##.. #.#
#.#....#.## #.#
#.#.#.....### ####.#
#.#..... ... .....#
#.#>..###.# ##
##########.#.......##...
..........>.......###
#######.....#<.......
###...#@...)...
##..#@.......
#..#........
#..#........
#.##........
#.##........
########.... ####


You could see Terence (extremely poisoned).

Vanquished Creatures
  2 adders (D:2)
  A bat (D:1)
  A giant cockroach (D:1)
  A goblin (D:1)
  2 hobgoblins (D:1)
  2 jackals (D:1)
  2 kobolds (D:1)
  A quokka (D:2)
  A ball python (D:1)
  3 frilled lizards
  5 rats (D:1)
21 creatures vanquished.

Vanquished Creatures (others)
  4 plants (D:1)
4 creatures vanquished.

Grand Total: 25 creatures vanquished

Notes
Turn   | Place    | Note
-------+----------+-------------------------------------------
     0 | D:1      | jimonade the Vine Stalker Brigand began the quest for the
                  | Orb.
     0 | D:1      | Reached XP level 1. HP: 11/11 MP: 2/2
    28 | D:1      | Reached skill level 5 in Stealth
    35 | D:1      | Found a faded altar of an unknown god.
   111 | D:1      | Reached XP level 2. HP: 10/15 MP: 0/3
   797 | D:2      | Reached XP level 3. HP: 13/18 MP: 2/4
   943 | D:2      | Noticed Terence
   952 | D:2      | Slain by Terence

Illustrated notes

Levels and vault maps discovered:
D:1:      lightli_arrival_lavapool, layout_rooms,
          hellmonk_ecumenical_altar_run_dry, serial_bayou_lake_a
D:2:      layout_basic, kennysheep_path_1, minmay_crystal_water,
          nicolae_underground_beach, uniq_terence

Skill      XL: |  1  2 |
---------------+-------+-----
Stealth        | 5 |  5.6
Short Blades   | 2 |  2.5
Fighting       | |  1.9
Throwing       | |  1.7
Dodging        | |  0.9

Action                     || total
---------------------------++-------
  Melee: Dagger            ||    86
         Bite              ||    18
   Stab: Sleeping          ||     2
 Armour: Robe              ||    20
         Chain mail        ||     8
  Dodge: Dodged            ||    53

Table legend: (Time is in decaauts)
 A = Elapsed time spent in this place.
 B = Non-inter-level travel time spent in this place.
 C = Inter-level travel time spent in this place.
 D = Time resting spent in this place.
 E = Time spent auto-exploring this place.
 F = Levels seen in this place.
 G = Mean time per level.
                   A        B        C        D        E       F      G
               +--------+--------+--------+--------+--------+-----+--------+
         Total |    987 |    906 |     81 |      0 |    659 |   2 |  493.5 |
       Dungeon |    987 |    906 |     81 |      0 |    659 |   2 |  493.5 |
               +--------+--------+--------+--------+--------+-----+--------+

Top non-repeatable levels by time:
     D:1: 737 daAuts
     D:2: 249 daAuts
